 Dungeon Crawl Stone Soup version 0.24-a0-282-g1a68c911f0 (webtiles) character file.

Game seed: 5255147575063471451

839 HAL9000 the Covert (level 8, 0/38 HPs)
             Began as a Vine Stalker Assassin on May 3, 2019.
             Slain by an orc priest
             ... wielding a +0 hand axe
              (1 damage)
             ... on level 5 of the Dungeon.
             The game lasted 00:06:30 (3938 turns).

HAL9000 the Covert (Vine Stalker Assassin)          Turns: 3938, Time: 00:06:30

Health: 0/38       AC:  4    Str: 16    XL:     8   Next: 0%
Magic:  0/9        EV: 13    Int: 12    God:
Gold:   196        SH:  0    Dex: 15    Spells: 7/7 levels left

rFire    . . .     SeeInvis .   a - +2 dagger
rCold    . . .     Gourm    .   (no shield)
rNeg     . . .     Faith    .   c - +0 robe
rPois    .         Spirit   +   (no helmet)
rElec    .         Reflect  .   d - +0 cloak
rCorr    .         Harm     .   x - +0 pair of gloves
MR       +....                  (no boots)
Stlth    ++++......             (no amulet)
HPRegen  0.52/turn              j - +2 ring of evasion
MPRegen  0.11/turn              (no ring)

@: no status effects
A: fangs 3, regeneration 1, magic shield, antimagic bite, no potion heal 3, rot
immunity
a: no special abilities


You were on level 5 of the Dungeon.
You were hungry.

You visited 1 branch of the dungeon, and saw 5 of its levels.

You collected 196 gold pieces.

Inventory:

Hand Weapons
 a - a +2 dagger (weapon)
 b - a +0 blowgun
Missiles
 e - 8 poisoned needles
 f - 2 curare-tipped needles
 i - 4 needles of paralysis
 o - a throwing net (quivered)
Armour
 c - a +0 robe (worn)
 d - a +0 cloak (worn)
 x - a +0 pair of gloves (worn)
Jewellery
 j - a +2 ring of evasion (left hand)
Wands
 m - a wand of iceblast (5)
 s - a wand of acid (8)
Scrolls
 h - 3 scrolls of remove curse {unknown}
 l - 2 scrolls of fog {unknown}
 p - a scroll of magic mapping {unknown}
 u - a scroll of teleportation {unknown}
 v - a scroll of enchant weapon {unknown}
 w - a scroll of fear {unknown}
 y - a scroll of enchant armour {unknown}
Potions
 k - a potion of berserk rage {unknown}
 q - 2 potions of ambrosia
 r - a potion of haste
 t - 3 potions of lignification
Comestibles
 g - 13 rations


   Skills:
 - Level 1.7 Fighting
 + Level 5.8 Short Blades
 - Level 1.7 Throwing
 - Level 0.7 Dodging
 + Level 9.4 Stealth


You had 7 spell levels left.
You didn't know any spells.
Your spell library was empty.

Dungeon Overview and Level Annotations

Branches:
Dungeon (5/15)
 Temple: D:4-7

Altars:
Dithmenos
Okawaru
Qazlal
Trog
Uskayaw


Innate Abilities, Weirdness & Mutations

You have razor-sharp teeth.
Your natural rate of healing is unusually fast.
When hurt, damage is shared between your health and your magic reserves.
Your bite disrupts and absorbs the magic of your enemies.
Potions cannot restore your health.
You are immune to rotting.


Message History

The orc hits you with a +1 short sword of electrocution!
The orc priest barely misses you.
You hit the orc priest but do no damage.
Your bite misses the orc priest.
The orc priest is heavily wounded.
The orc barely misses you. x2
The orc hits you with a +1 short sword of electrocution.
You are electrocuted!
* * * LOW HITPOINT WARNING * * *
There is an open door here.
You hit the orc priest. You bite the orc priest. You drain its power.
You feel invigorated.
The orc priest is almost dead.
The orc priest invokes the aid of Beogh against you.
Beogh smites you!
* * * LOW HITPOINT WARNING * * *
You hit the orc priest but do no damage.
The orc priest is severely wounded.
The orc priest hits you with a +0 hand axe.
You die...

#.....# #.....# #.....#
#### #.....# #...
#.....######### #...
#.....#.......#######...
#.....#.....).#.........
#...)o#.......'.........
#....oo@......#...<.....
#....o#########.........
#.......................
#.......................
#..............######...
#...!..........+....'...
#..............#....#...
#..... ........#....#...
#########....#...


You could see an orc priest and 3 orcs.

Vanquished Creatures
  A hippogriff (D:5)
  Menkaure (D:5)
  An ogre (D:5)
  A phantom (D:4)
  2 scorpions
  A bullfrog skeleton (D:5)
  A bullfrog zombie (D:5)
  An orc priest (D:5)
  A worker ant (D:5)
  A howler monkey skeleton (D:4)
  3 adders
  A shadow imp (D:5)
  3 worms
  3 dart slugs
  4 leopard geckos
  An orc (D:5)
  7 giant cockroaches
  8 goblins
  12 hobgoblins
  7 jackals
  10 kobolds
  6 quokkas
  A ball python (D:2)
  7 bats
  4 frilled lizards
  6 rats
94 creatures vanquished.

Notes
Turn   | Place    | Note
-------+----------+-------------------------------------------
     0 | D:1      | HAL9000 the Vine Stalker Assassin began the quest for the
                  | Orb.
     0 | D:1      | Reached XP level 1. HP: 11/11 MP: 2/2
    30 | D:1      | Reached skill level 5 in Stealth
   118 | D:1      | Reached XP level 2. HP: 8/15 MP: 3/3
   750 | D:1      | Reached XP level 3. HP: 11/18 MP: 2/4
   922 | D:1      | Reached skill level 6 in Stealth
  1302 | D:2      | Found a bloodstained altar of Trog.
  1414 | D:2      | Gained mutation: Your natural rate of healing is unusually
                  | fast. [Vine Stalker growth]
  1414 | D:2      | Reached XP level 4. HP: 10/23 MP: 2/5
  1834 | D:2      | Found an iron altar of Okawaru.
  2055 | D:3      | Found a hide-covered altar of Uskayaw.
  2673 | D:3      | Found a shadowy altar of Dithmenos.
  2775 | D:4      | Noticed a phantom
  2789 | D:4      | Killed a phantom
  2789 | D:4      | Reached skill level 7 in Stealth
  2789 | D:4      | Reached XP level 5. HP: 11/26 MP: 2/6
  2916 | D:4      | Reached XP level 6. HP: 4/30 MP: 2/7
  2923 | D:4      | HP: 1/30 [poisoned by a scorpion]
  3433 | D:5      | Entered Level 5 of the Dungeon
  3526 | D:5      | Noticed Menkaure
  3539 | D:5      | Killed Menkaure
  3539 | D:5      | Reached skill level 8 in Stealth
  3539 | D:5      | Reached XP level 7. HP: 25/34 MP: 8/8
  3649 | D:5      | Reached skill level 5 in Short Blades
  3778 | D:5      | Noticed a hippogriff
  3798 | D:5      | Killed a hippogriff
  3798 | D:5      | Reached skill level 9 in Stealth
  3841 | D:5      | Found a stormy altar of Qazlal.
  3927 | D:5      | Gained mutation: You have razor-sharp teeth. [Vine Stalker
                  | growth]
  3927 | D:5      | Reached XP level 8. HP: 36/38 MP: 9/9
  3937 | D:5      | HP: 1/38 [orc priest/divine providence (6)]
  3938 | D:5      | Slain by an orc priest

Levels and vault maps discovered:
D:1:      giann_forest_graveyard, layout_rooms
D:2:      layout_basic, lemuel_coloured_pillars_altar, lemuel_crystal_altar,
          first_ration
D:3:      layout_basic, lemuel_round_altar, nicolae_overflow_hidden_temple
D:4:      layout_basic
D:5:      layout_gridville, overflow_temple_1_default,
          nicolae_qazlal_general_emergency, uniq_menkaure

Skill      XL: |  1  2  3  4  5  6  7 |
---------------+----------------------+-----
Stealth        | 5 6 7 8 9 |  9.4
Short Blades   | 2 3 4 5 |  5.8
Fighting       | |  1.7
Throwing       | |  1.7
Dodging        | |  0.7

Action                   |  1- 3 |  4- 6 |  7- 9 || total
-------------------------+-------+-------+-------++-------
Melee: Dagger            |   139 |   101 |    54 ||   294
       Bite              |    37 |    29 |    16 ||    82
 Fire: Blowgun           |       |       |     2 ||     2
Throw: Throwing net      |       |       |     1 ||     1
  Use: Scroll            |       |     6 |       ||     6
       Potion            |       |     4 |       ||     4
 Stab: Sleeping          |     2 |    17 |     3 ||    22
       Distracted        |       |     1 |       ||     1
  Eat: Chunk             |     1 |     7 |     1 ||     9
Armor: Robe              |    34 |    11 |     5 ||    50
Dodge: Dodged            |   107 |    33 |    41 ||   181

Table legend:
 A = Non-vault XP
 B = Vault XP
 C = Vault XP percentage of total XP
 D = Non-vault monster count
 E = Vault monster count
 F = Vault count percentage of total count
                 A         B        C        D         E       F
            +---------+---------+-------+---------+---------+-------
      Total |    1030 |     169 |  14.1 |      93 |       1 |   1.1
            +---------+---------+-------+---------+---------+-------
        D:1 |      56 |       0 |   0.0 |      33 |       0 |   0.0
        D:2 |      46 |       0 |   0.0 |      21 |       0 |   0.0
        D:3 |      33 |       0 |   0.0 |      16 |       0 |   0.0
        D:4 |     242 |       0 |   0.0 |      12 |       0 |   0.0
        D:5 |     653 |     169 |  20.6 |      11 |       1 |   8.3
            +---------+---------+-------+---------+---------+-------
